 Dungeon Crawl Stone Soup version 0.26-a0-111-g8f6dc4e0a5 (webtiles) character file.

Game seed: 4778114409223342429

64 Gargoyl the Skirmisher (level 3, -2/31 HPs)
             Began as a Centaur Abyssal Knight on June 24, 2020.
             Was a Follower of Lugonu.
             Slain by a worm (3 damage)
             ... on level 2 of the Dungeon.
             The game lasted 00:02:52 (1452 turns).

Gargoyl the Skirmisher (Centaur Abyssal Knight)     Turns: 1452, Time: 00:02:52

Health: -2/31      AC:  8    Str: 14    XL:     3   Next: 91%
Magic:  4/4        EV:  7    Int: 11    God:    Lugonu [*.....]
Gold:   76         SH:  0    Dex:  9    Spells: 2/2 levels left

rFire    . . .     SeeInvis .   a - +2 hand axe
rCold    . . .     Faith    .   (no shield)
rNeg     . . .     Spirit   .   i - +0 scale mail
rPois    .         Reflect  .   (no helmet)
rElec    .         Harm     .   f - +0 cloak
rCorr    .                      d - +0 pair of gloves
MR       .....                  (no barding)
Stlth    ..........             (no amulet)
HPRegen  0.10/turn              (no ring)
MPRegen  0.09/turn              (no ring)

@: very quick
A: large, hooves 3, deformed body, speed 2, tough skin 3
a: Depart the Abyss, Renounce Religion


You were on level 2 of the Dungeon.
You worshipped Lugonu.
Lugonu was aware of your devotion.
You were not hungry.

You visited 1 branch of the dungeon, and saw 2 of its levels.
You visited the Abyss 1 time.

You collected 76 gold pieces.

Inventory:

Hand Weapons
 a - a +2 hand axe (weapon)
Armour
 d - a +0 pair of gloves (worn)
 f - a +0 cloak (worn)
 i - a +0 scale mail (worn)
Potions
 g - a potion of flight {unknown}
Comestibles
 c - 3 rations


   Skills:
 + Level 3.4 Fighting
 + Level 2.3 Axes
 * Level 2.0 Armour
 * Level 1.1 Dodging
 * Level 2.4 Invocations


You had 2 spell levels left.
You didn't know any spells.
Your spell library was empty.

Dungeon Overview and Level Annotations

Branches:
Dungeon (2/15)

Altars:
Zin


Innate Abilities, Weirdness & Mutations

You have hooves in place of feet.
Armour fits poorly on your strangely shaped body.
You cover ground very quickly.
You have extremely tough skin. (AC +3)


Message History

Your Armour skill increases to level 2!
You hit the worm.
The worm is lightly wounded.
The worm bites you.
Your scale mail prevents you from hitting the worm.
The worm is lightly wounded.
You hit the worm.
The worm is moderately wounded.
The worm bites you!
* * * LOW HITPOINT WARNING * * *
You barely miss the worm.
The worm is moderately wounded.
The worm bites you.
* * * LOW HITPOINT WARNING * * *
You hit the worm.
The worm is heavily wounded.
You slash the worm!
The worm is almost dead.
The worm bites you.
You die...

**********,,,,,,,,,,,,,******,,,,
* #(,,*****######***_**,,, *
#...* *......**,,,**,, # #...*
*.....#*⌠,*,⌠*** #
#...#####.....#**,,,** #
#.............# **,#** #
#.............# ##.#$##* ###
#.............# #......# #.#
#......@w.....# **,*,#..
#.########....#'##.....# **,**##.
#.............'.#*,#####**,,,**#.
#.#######.....###*,******⌠,*,⌠*#.
#'### #.....'.....,,,***,,,###.
÷...# #.#....###.#**,*,**_##.#.
....# #.#..#.#,,,,,,,,,***#....
....# #.#..._..,,***,*,*,*##.#.
....# #.#.##.###** *,*,*,* #.#.


You could see a worm.

Vanquished Creatures
  Natasha (twice) (D:2)
  2 leopard geckos (D:1)
  A goblin (D:1)
  3 hobgoblins
  A kobold (D:2)
  2 bats
  3 frilled lizards
  A rat (D:2)
15 creatures vanquished.

Vanquished Creatures (others)
  A ghoul (D:1)
  A minotaur (D:1)
  A draconian (D:1)
  An octopode (D:1)
  An elf (D:1)
  A formicid (D:1)
  2 vampires (D:1)
  A dwarf (D:1)
  2 ogres (D:1)
  An orc (D:1)
  5 tentacles (D:1)
17 creatures vanquished.

Grand Total: 32 creatures vanquished

Notes
Turn   | Place    | Note
-------+----------+-------------------------------------------
     0 | Abyss:1  | Gargoyl the Centaur Abyssal Knight began the quest for the
                  | Orb.
     0 | Abyss:1  | Reached XP level 1. HP: 19/19 MP: 2/2
   105 | Abyss:1  | Found a corrupted altar of Lugonu.
   143 | Abyss:1  | Noticed a raiju
   143 | Abyss:1  | Noticed a raiju
   153 | Abyss:1  | Noticed a cacodemon
   153 | Abyss:1  | Noticed a starcursed mass
   180 | Abyss:1  | Noticed a large abomination
   197 | Abyss:1  | Noticed an iron imp
   265 | Abyss:1  | Noticed a ynoxinul
   267 | D:1      | Escaped the Abyss
   267 | D:1      | Noticed an ogre
   267 | D:1      | Noticed a formicid
   267 | D:1      | Noticed a draconian
   267 | D:1      | Noticed a minotaur
   267 | D:1      | Noticed an elf
   267 | D:1      | Noticed a kraken
   267 | D:1      | Noticed a vampire
   267 | D:1      | Noticed a dwarf
   267 | D:1      | Noticed a ghoul
   267 | D:1      | Noticed a vampire
   267 | D:1      | Noticed an ogre
   267 | D:1      | Noticed an octopode
   269 | D:1      | Killed an ogre
   271 | D:1      | Killed a vampire
   273 | D:1      | Killed an octopode
   277 | D:1      | Killed an ogre
   277 | D:1      | Killed a dwarf
   278 | D:1      | Killed a vampire
   279 | D:1      | Killed a minotaur
   280 | D:1      | Killed a draconian
   281 | D:1      | Killed a formicid
   282 | D:1      | Killed an elf
   283 | D:1      | Killed a ghoul
   730 | D:1      | Reached XP level 2. HP: 7/26 MP: 3/3
  1233 | D:2      | Noticed Natasha
  1241 | D:2      | Killed Natasha
  1241 | D:2      | Reached * piety under Lugonu
  1241 | D:2      | Reached skill level 1 in Dodging
  1241 | D:2      | Reached XP level 3. HP: 15/31 MP: 4/4
  1428 | D:2      | Found a glowing silver altar of Zin.
  1436 | D:2      | Noticed Natasha
  1446 | D:2      | Killed Natasha
  1450 | D:2      | HP: 1/31 [worm (6)]
  1452 | D:2      | Slain by a worm

Illustrated notes

Levels and vault maps discovered:
D:1:      nicolae_arrival_kraken_aquarium_a, layout_loops_ring
D:2:      layout_basic, lemuel_crystal_altar, amethyst_overflow_temple_binary,
          chequers_ecumenical_altar_lobes, uniq_robin, uniq_natasha

Skill      XL: |  1  2  3 |
---------------+----------+-----
Axes           | 2 |  2.3
Dodging        | 1 |  1.1
Armour         | 2 |  2.0
Fighting       | |  3.4
Invocations    | |  2.4

Action                   || total
-------------------------++-------
Melee: Hand axe          ||    42
       Kick              ||     6
Invok: Depart the Abyss  ||     1
  Use: Scroll            ||     8
       Potion            ||     1
  Eat: Chunk             ||     1
Armor: Leather armour    ||     8
       Scale mail        ||    15
Dodge: Dodged            ||    13

Table legend:
 A = Non-vault XP
 B = Vault XP
 C = Vault XP percentage of total XP
 D = Non-vault monster count
 E = Vault monster count
 F = Vault count percentage of total count
                 A         B        C        D         E       F
            +---------+---------+-------+---------+---------+-------
      Total |      57 |      35 |  38.0 |      14 |       1 |   6.7
            +---------+---------+-------+---------+---------+-------
        D:1 |      15 |       0 |   0.0 |       8 |       0 |   0.0
        D:2 |      42 |      35 |  45.5 |       6 |       1 |  14.3
            +---------+---------+-------+---------+---------+-------
